XFBL
CALIFORNIA ANGELS @ MILWAUKEE BREWERS
03/23/1982
 
TOP OF THE 1ST
California Angels batting - Pitching for Milwaukee Brewers : LHP Atlee Hammaker
Pitching: LHP Atlee Hammaker
Batting: RHB Frank White 0-0: Ball
1-0: SINGLE (Groundball, 25, EV 68.1 MPH) (infield hit)
Batting: SHB Ignacio Medina 0-0: Ball
1-0: SINGLE (Groundball, 56D, EV 95.0 MPH)
Frank White to second
Batting: SHB Jon Hernandez 0-0: Ball
1-0: Foul Ball, location: 2F
1-1: Foul Ball, location: 2F
1-2: Ball
2-2: Foul Ball, location: 2F
2-2: Foul Ball, location: 2F
2-2: Foul Ball, location: 2F
2-2: Ball
3-2: Fly out, F7 (Flyball, 7, EV 85.6 MPH)
Batting: LHB Jason D Thompson 0-0: Ball
1-0: Called Strike
Frank White steals 3rd base
Ignacio Medina to second
1-1: Ball
2-1: Ball
3-1: Foul Ball, location: 2F
3-2: Foul Ball, location: 2F
3-2: SINGLE (Groundball, P, EV 78.1 MPH) (infield hit)
Frank White scores
Ignacio Medina to third
Batting: RHB Jeff Atherton 0-0: Called Strike
0-1: Ball
1-1: Swinging Strike
1-2: Ball
2-2: Ball
3-2: Foul Ball, location: 2F
3-2: Foul Ball, location: 2F
3-2: Ground out 6-3 (Groundball, 6, EV 104.4 MPH)
Ignacio Medina scores
Jason D Thompson to second
Batting: LHB John Milner 0-0: Foul Ball, location: 2F
0-1: Called Strike
0-2: Ball
1-2: Ball
2-2: Foul Ball, location: 2F
2-2: Strikes out swinging
Top of the 1st over - 2 runs, 3 hits, 0 errors, 1 left on base; California 2 - Milwaukee 0
BOTTOM OF THE 1ST
Milwaukee Brewers batting - Pitching for California Angels : RHP Raimundo Michel
Pitching: RHP Raimundo Michel
Batting: RHB Steve Sax 0-0: Ball
1-0: Ball
2-0: Foul Ball, location: 2F
2-1: Ground out 4-3 (Groundball, 4, EV 98.8 MPH)
Batting: LHB Von Hayes 0-0: Called Strike
0-1: Called Strike
0-2: Strikes out swinging
Batting: RHB Eric Davis 0-0: Swinging Strike
0-1: Foul Ball, location: 2F
0-2: Ball
1-2: Strikes out swinging
Bottom of the 1st over - 0 runs, 0 hits, 0 errors, 0 left on base; California 2 - Milwaukee 0
TOP OF THE 2ND
California Angels batting - Pitching for Milwaukee Brewers : LHP Atlee Hammaker
Batting: RHB Rafael Ramirez 0-0: Ball
1-0: Ball
2-0: SINGLE (Line Drive, 34D, EV 108.1 MPH)
Batting: RHB Mike Bishop 0-0: Ball
1-0: Foul Ball, location: 2F
1-1: Swinging Strike
1-2: Strikes out swinging
Batting: LHB Franklin Lopez 0-0: Ball
1-0: Foul Ball, location: 2F
1-1: Ball
2-1: Foul Ball, location: 2F
2-2: Ball
3-2: Base on Balls
Rafael Ramirez to second
Batting: RHB Frank White 0-0: Ball
1-0: Called Strike
1-1: Ball
2-1: Ground out 5-3 (Groundball, 56S, EV 64.4 MPH)
Rafael Ramirez to third
Franklin Lopez to second
Batting: SHB Ignacio Medina 0-0: Ball
1-0: Swinging Strike
1-1: Called Strike
1-2: Foul Ball, location: 2F
1-2: Strikes out looking
Top of the 2nd over - 0 runs, 1 hit, 0 errors, 2 left on base; California 2 - Milwaukee 0
BOTTOM OF THE 2ND
Milwaukee Brewers batting - Pitching for California Angels : RHP Raimundo Michel
Batting: SHB Eddie Murray 0-0: Called Strike
0-1: Swinging Strike
0-2: Ball
1-2: Ball
2-2: Ball
3-2: Base on Balls
Batting: LHB Al Oliver 0-0: Ball
1-0: Ball
2-0: Foul Ball, location: 2F
2-1: Ball
3-1: Fly out, F1 (Popup, P, EV 76.3 MPH)
Batting: RHB Thurman Munson 0-0: Called Strike
0-1: Ball
1-1: DOUBLE (Line Drive, 9LM, EV 105.0 MPH)
Eddie Murray to third
Runner from 3rd tries for Home, SAFE, throw by RF to trailing runner, SAFE at third!
Batting: RHB Ken Landreaux 0-0: Ball
1-0: Called Strike
1-1: Ball
2-1: Ground out 5-3 (Groundball, 56S, EV 68.8 MPH)
Thurman Munson scores
Batting: SHB Alfredo Griffin 0-0: Ball
1-0: Called Strike
1-1: Ground out 3-1 (Groundball, 34S, EV 85.6 MPH)
Bottom of the 2nd over - 2 runs, 1 hit, 0 errors, 0 left on base; California 2 - Milwaukee 2
TOP OF THE 3RD
California Angels batting - Pitching for Milwaukee Brewers : LHP Atlee Hammaker
Batting: SHB Jon Hernandez 0-0: Foul Ball, location: 2F
0-1: Ball
1-1: Swinging Strike
1-2: Foul Ball, location: 2F
1-2: Foul Ball, location: 2F
1-2: SOLO HOME RUN (Flyball, 78XD, EV 98.1 MPH), Distance : 427 ft
Batting: LHB Jason D Thompson 0-0: Called Strike
0-1: Ground out 6-3 (Groundball, 6, EV 108.1 MPH)
Batting: RHB Jeff Atherton 0-0: Ground out U3 (Groundball, 34S, EV 78.8 MPH)
Batting: LHB John Milner 0-0: Foul Ball, location: 2F
0-1: Called Strike
0-2: Ball
1-2: Strikes out swinging
Top of the 3rd over - 1 run, 1 hit, 0 errors, 0 left on base; California 3 - Milwaukee 2
BOTTOM OF THE 3RD
Milwaukee Brewers batting - Pitching for California Angels : RHP Raimundo Michel
Batting: RHB Pat Tabler 0-0: Called Strike
0-1: Foul Ball, location: 2F
0-2: Ball
1-2: Strikes out swinging
Batting: RHB Steve Sax 0-0: Called Strike
0-1: Ground out 5-3 (Groundball, 5S, EV 71.3 MPH)
Batting: LHB Von Hayes 0-0: Ball
1-0: Ball
2-0: Called Strike
2-1: Ball
3-1: Base on Balls
Batting: RHB Eric Davis 0-0: Ball
1-0: Foul Ball, location: 2F
1-1: Ball
2-1: Ball
3-1: 2-RUN HOME RUN (Flyball, 9D, EV 98.1 MPH), Distance : 420 ft
Batting: SHB Eddie Murray 0-0: Ball
1-0: Fly out, F7 (Flyball, 7LS, EV 93.1 MPH)
Bottom of the 3rd over - 2 runs, 1 hit, 0 errors, 0 left on base; California 3 - Milwaukee 4
TOP OF THE 4TH
California Angels batting - Pitching for Milwaukee Brewers : LHP Atlee Hammaker
Batting: RHB Rafael Ramirez 0-0: Called Strike
0-1: Reached on error, E8 (Flyball, 8RXD, EV 93.8 MPH)
Batting: RHB Mike Bishop 0-0: SINGLE (Line Drive, 4D, EV 105.6 MPH)
Rafael Ramirez to third
Runner from 3rd tries for Home, throw by CF and OUT! 8-2
Batting: LHB Franklin Lopez 0-0: Ball
1-0: Foul Ball, location: 2F
1-1: Fly out, F8 (Flyball, 8LD, EV 88.8 MPH)
Batting: RHB Frank White 0-0: Ground out 6-3 (Groundball, 6MD, EV 102.5 MPH)
Top of the 4th over - 0 runs, 1 hit, 1 error, 1 left on base; California 3 - Milwaukee 4
BOTTOM OF THE 4TH
Milwaukee Brewers batting - Pitching for California Angels : RHP Raimundo Michel
Batting: LHB Al Oliver 0-0: Called Strike
0-1: Ball
1-1: Ball
2-1: Ball
3-1: Swinging Strike
3-2: Foul Ball, location: 2F
3-2: Fly out, F8 (Line Drive, 8LD, EV 107.5 MPH)
Batting: RHB Thurman Munson 0-0: SINGLE (Line Drive, 56D, EV 96.3 MPH)
Batting: RHB Ken Landreaux 0-0: Foul Ball, location: 2F
0-1: Grounds into double play, 6-4-3 (Groundball, 6, EV 81.9 MPH)
Bottom of the 4th over - 0 runs, 1 hit, 0 errors, 0 left on base; California 3 - Milwaukee 4
TOP OF THE 5TH
California Angels batting - Pitching for Milwaukee Brewers : LHP Atlee Hammaker
Pitching: LHP Jordan Ortiz
Batting: SHB Ignacio Medina 0-0: Ball
1-0: SINGLE (Groundball, 4MD, EV 97.5 MPH)
Batting: SHB Jon Hernandez 0-0: Ball
1-0: Ball
2-0: Ball
3-0: Base on Balls
Ignacio Medina to second
Batting: LHB Jason D Thompson 0-0: Ball
1-0: Ball
2-0: Foul Ball, location: 2F
2-1: Swinging Strike
2-2: Strikes out looking
Batting: RHB Jeff Atherton 0-0: Foul Ball, location: 2F
0-1: Swinging Strike
0-2: Foul Ball, location: 2F
0-2: Ball
1-2: Foul Ball, location: 2F
1-2: SINGLE (Line Drive, 9S, EV 104.4 MPH)
Ignacio Medina to third
Jon Hernandez to second
Runner from 3rd tries for Home, SAFE, throw by RF to home
Batting: LHB John Milner 0-0: Fielders Choice at 2nd, 4-6 (Groundball, 4, EV 85.6 MPH)
Jon Hernandez to third
Batting: RHB Rafael Ramirez 0-0: Called Strike
0-1: Swinging Strike
0-2: Ball
1-2: Ball
2-2: Strikes out swinging
Top of the 5th over - 1 run, 2 hits, 0 errors, 2 left on base; California 4 - Milwaukee 4
BOTTOM OF THE 5TH
Milwaukee Brewers batting - Pitching for California Angels : RHP Raimundo Michel
Pitching: RHP Alfredo Rojas
Batting: SHB Alfredo Griffin 0-0: Called Strike
0-1: Ball
1-1: Called Strike
1-2: Ground out 6-3 (Groundball, 6M, EV 90.6 MPH)
Batting: RHB Pat Tabler 0-0: Called Strike
0-1: Foul Ball, location: 2F
0-2: SINGLE (Groundball, 6S, EV 69.4 MPH) (infield hit)
Pinch Runner at 1st Denny Walling:
Batting: RHB Steve Sax 0-0: Ball
1-0: Ball
2-0: Fly out, F8 (Line Drive, 8RD, EV 103.1 MPH)
Batting: LHB Von Hayes 0-0: Ball
1-0: SINGLE (Groundball, 6S, EV 66.3 MPH) (infield hit)
Denny Walling to second
Batting: RHB Eric Davis 0-0: Ball
1-0: Called Strike
1-1: Foul Ball, location: 2F
1-2: Strikes out looking
Bottom of the 5th over - 0 runs, 2 hits, 0 errors, 2 left on base; California 4 - Milwaukee 4
TOP OF THE 6TH
California Angels batting - Pitching for Milwaukee Brewers : LHP Jordan Ortiz
Now in LF: Denny Walling
Batting: RHB Mike Bishop 0-0: Ball
1-0: Ball
2-0: Ball
3-0: Called Strike
3-1: Base on Balls
Batting: LHB Franklin Lopez 0-0: Ball
1-0: Bunted foul
1-1: Sac Bunt to 5S - play at first, batter OUT! 5-4
Mike Bishop to second
Pinch Hitting: RHB Dave L Stapleton 0-0: Called Strike
0-1: Ball
1-1: Ball
2-1: Ball
3-1: Base on Balls
Pinch Hitting: RHB Carlos Pimentel 0-0: Ball
1-0: Swinging Strike
1-1: Swinging Strike
1-2: Ball
2-2: Strikes out looking
Batting: SHB Jon Hernandez 0-0: Called Strike
0-1: Ball
1-1: Ball
2-1: Foul Ball, location: 2F
2-2: Foul Ball, location: 2F
2-2: Ball
3-2: Fly out, F8 (Flyball, 89M, EV 90.0 MPH)
Top of the 6th over - 0 runs, 0 hits, 0 errors, 2 left on base; California 4 - Milwaukee 4
BOTTOM OF THE 6TH
Milwaukee Brewers batting - Pitching for California Angels : RHP Alfredo Rojas
Now at 3B: Dave L Stapleton
Now in CF: Carlos Pimentel
Batting: SHB Eddie Murray 0-0: Called Strike
0-1: Fly out, F7 (Flyball, 7S, EV 95.0 MPH)
Batting: LHB Al Oliver 0-0: Foul Ball, location: 2F
0-1: Foul Ball, location: 2F
0-2: Fly out, F5 (Popup, 56S, EV 83.1 MPH)
Batting: RHB Thurman Munson 0-0: Ball
1-0: Called Strike
1-1: Fly out, F8 (Line Drive, 8RM, EV 103.8 MPH)
Bottom of the 6th over - 0 runs, 0 hits, 0 errors, 0 left on base; California 4 - Milwaukee 4
TOP OF THE 7TH
California Angels batting - Pitching for Milwaukee Brewers : LHP Jordan Ortiz
Batting: LHB Jason D Thompson 0-0: Ground out 6-3 (Groundball, 6, EV 101.3 MPH)
Batting: RHB Jeff Atherton 0-0: Called Strike
0-1: Ball
1-1: Ball
2-1: Ball
3-1: Fly out, F5 (Line Drive, 5, EV 68.1 MPH)
Pinch Hitting: LHB Brian Rosinski 0-0: Foul Ball, location: 2F
0-1: Ball
1-1: DOUBLE (Groundball, 3L, EV 101.9 MPH)
Pitching: RHP Luis Leal
Pinch Hitting: RHB Duke Hinds 0-0: Ball
1-0: Ball
2-0: Foul Ball, location: 2F
2-1: Fly out, F4 (Line Drive, 4, EV 62.5 MPH)
Top of the 7th over - 0 runs, 1 hit, 0 errors, 1 left on base; California 4 - Milwaukee 4
BOTTOM OF THE 7TH
Milwaukee Brewers batting - Pitching for California Angels : RHP Alfredo Rojas
Now at 2B: Duke Hinds
Now in LF: Brian Rosinski
Batting: RHB Ken Landreaux 0-0: Ball
1-0: Called Strike
1-1: Ball
2-1: Swinging Strike
2-2: Ground out 6-3 (Groundball, 6M, EV 85.0 MPH)
Batting: SHB Alfredo Griffin 0-0: Foul Ball, location: 2F
0-1: Called Strike
0-2: Foul Ball, location: 2F
0-2: Ground out 6-3 (Groundball, 6, EV 106.9 MPH)
Batting: LHB Denny Walling 0-0: Ball
1-0: Ball
2-0: Called Strike
2-1: Foul Ball, location: 2F
2-2: Foul Ball, location: 2F
2-2: Ball
3-2: Ground out 6-3 (Groundball, 6, EV 103.1 MPH)
Bottom of the 7th over - 0 runs, 0 hits, 0 errors, 0 left on base; California 4 - Milwaukee 4
TOP OF THE 8TH
California Angels batting - Pitching for Milwaukee Brewers : RHP Luis Leal
Pitching: RHP Carlos Martinez
Pinch Hitting: LHB Geno Petralli 0-0: Called Strike
0-1: Ball
1-1: Ball
2-1: Swinging Strike
2-2: Reached on error, E4 (Groundball, 4, EV 86.9 MPH)
Batting: LHB Franklin Lopez 0-0: Swinging Strike
0-1: Bunted foul
0-2: Ground out 6-3 (Groundball, 6, EV 85.0 MPH)
Geno Petralli to third
Batting: RHB Dave L Stapleton 0-0: Ball
1-0: Ball
2-0: Ball
3-0: Base on Balls
Batting: RHB Carlos Pimentel 0-0: Called Strike
0-1: Fly out, F9 (Flyball, 89S, EV 92.5 MPH)
Runner from 3rd tags up, OUT at HOME! 9-2
Top of the 8th over - 0 runs, 0 hits, 1 error, 1 left on base; California 4 - Milwaukee 4
BOTTOM OF THE 8TH
Milwaukee Brewers batting - Pitching for California Angels : RHP Alfredo Rojas
Now at C: Geno Petralli
Pinch Hitting: RHB Brian J Giles 0-0: Called Strike
0-1: Ground out 6-3 (Groundball, 6, EV 90.6 MPH)
Pinch Hitting: RHB Mike Schmidt 0-0: Ball
1-0: Ball
2-0: Ball
3-0: Called Strike
3-1: Foul Ball, location: 2F
3-2: Base on Balls
Pitching: RHP David Smith
Pinch Runner at 1st Wally Backman:
Pinch Hitting: RHB Ricky Jacquez 0-0: Called Strike
0-1: Swinging Strike
0-2: Ball
1-2: Strikes out looking
Pinch Hitting: RHB Martinho Varandas 0-0: Ball
Wally Backman is caught stealing 2nd base 2-4
Bottom of the 8th over - 0 runs, 0 hits, 0 errors, 0 left on base; California 4 - Milwaukee 4
TOP OF THE 9TH
California Angels batting - Pitching for Milwaukee Brewers : RHP Carlos Martinez
Now at 1B: Martinho Varandas
Now at 2B: Brian J Giles
Now at 3B: Skeeter Barnes
Now in CF: Ricky Jacquez
Batting: SHB Jon Hernandez 0-0: Foul Ball, location: 2F
0-1: Fly out, F7 (Line Drive, 7D, EV 102.5 MPH)
Batting: LHB Jason D Thompson 0-0: Swinging Strike
0-1: Swinging Strike
0-2: Ball
1-2: DOUBLE (Flyball, 8LXD, EV 93.1 MPH)
Batting: RHB Jeff Atherton 0-0: Ball
1-0: Called Strike
1-1: Ball
2-1: Ball
3-1: Called Strike
3-2: Foul Ball, location: 2F
3-2: Fly out, F9 (Line Drive, 89M, EV 100.6 MPH)
Batting: LHB Brian Rosinski 0-0: Intentional Walk
Batting: RHB Duke Hinds 0-0: Foul Ball, location: 2F
0-1: Swinging Strike
0-2: Foul Ball, location: 2F
0-2: Ball
1-2: Strikes out swinging
Top of the 9th over - 0 runs, 1 hit, 0 errors, 2 left on base; California 4 - Milwaukee 4
BOTTOM OF THE 9TH
Milwaukee Brewers batting - Pitching for California Angels : RHP David Smith
Batting: RHB Martinho Varandas 0-0: SINGLE (Flyball, 9LS, EV 90.6 MPH)
Batting: RHB Glenn Davis 0-0: Called Strike
0-1: Ball
1-1: SINGLE (Flyball, 5D, EV 97.5 MPH)
Martinho Varandas to second
Pinch Runner at 2nd Pat Sheridan:
Pinch Hitting: RHB Dave Huppert 0-0: Foul Ball, location: 2F
0-1: Called Strike
0-2: Fly out, F9 (Flyball, 89S, EV 95.6 MPH)
Pinch Hitting: LHB Harold Baines 0-0: Called Strike
0-1: Ball
1-1: Grounds into double play, 6-4-3 (Groundball, 56, EV 108.1 MPH)
Bottom of the 9th over - 0 runs, 2 hits, 0 errors, 1 left on base; California 4 - Milwaukee 4
TOP OF THE 10TH
California Angels batting - Pitching for Milwaukee Brewers : RHP Carlos Martinez
Now at C: Dave Huppert
Now at 1B: Mark Wasinger
Now in RF: Harold Baines
Batting: LHB Geno Petralli 0-0: Ball
1-0: Ball
2-0: Called Strike
2-1: Ball
3-1: Foul Ball, location: 2F
3-2: Foul Ball, location: 2F
3-2: Ground out 4-3 (Groundball, 4, EV 98.1 MPH)
Batting: LHB Franklin Lopez 0-0: SINGLE (Flyball, 8RS, EV 91.9 MPH)
Pinch Hitting: LHB Ralph Garr 0-0: SINGLE (Line Drive, 8LS, EV 91.3 MPH)
Franklin Lopez to second
Franklin Lopez to third
Batting: RHB Carlos Pimentel 0-0: Called Strike
0-1: Ball
1-1: Swinging Strike
1-2: Foul Ball, location: 2F
1-2: Foul Ball, location: 2F
1-2: Strikes out swinging
Pitching: RHP Roy Smith
Batting: SHB Jon Hernandez 0-0: Ball
1-0: Ball
2-0: Reached on error, E4 (Groundball, 4, EV 78.8 MPH)
Franklin Lopez scores
Ralph Garr to second
Batting: LHB Jason D Thompson 0-0: Ball
1-0: Called Strike
1-1: Ball
2-1: 3-RUN HOME RUN (Flyball, 8RXD, EV 105.6 MPH), Distance : 456 ft
Batting: RHB Jeff Atherton 0-0: Ball
1-0: Ball
2-0: Called Strike
2-1: Foul Ball, location: 2F
2-2: Ball
3-2: Strikes out looking
Top of the 10th over - 4 runs, 3 hits, 1 error, 0 left on base; California 8 - Milwaukee 4
BOTTOM OF THE 10TH
Milwaukee Brewers batting - Pitching for California Angels : RHP David Smith
Now at 3B: Manny Castillo
Pinch Hitting: RHB Fred Manrique 0-0: Ball
1-0: Foul Ball, location: 2F
1-1: Swinging Strike
1-2: Ball
2-2: Strikes out swinging
Batting: LHB Denny Walling 0-0: Foul Ball, location: 2F
0-1: Foul Ball, location: 2F
0-2: Fly out, F8 (Flyball, 8RS, EV 92.5 MPH)
Batting: RHB Brian J Giles 0-0: Called Strike
0-1: Ball
1-1: Called Strike
1-2: SINGLE (Line Drive, 8RS, EV 95.6 MPH)
Batting: RHB Skeeter Barnes 0-0: Fielders Choice at 2nd, 6-4 (Groundball, 6MD, EV 103.1 MPH)
Bottom of the 10th over - 0 runs, 1 hit, 0 errors, 1 left on base; California 8 - Milwaukee 4
Wednesday, July 15th, 2020 - OOTP Baseball 21.4 Build 63